 Dungeon Crawl Stone Soup version 0.31.0-9-g3a7656b989 (webtiles) character file.

Game seed: 34173128861799753

26 qw the Shooter (level 2, -7/14 HPs)
             Began as a Spriggan Hunter on Feb 2, 2024.
             Mangled by Terence
             ... wielding a +3 flail
              (10 damage)
             ... on level 2 of the Dungeon.
             The game lasted 00:00:02 (733 turns).

qw the Shooter (Spriggan Hunter)                     Turns: 733, Time: 00:00:03

Health: -7/14      AC:  2    Str:  7    XL:     2   Next: 89%
Magic:  3/3        EV: 24    Int: 10    God:
Gold:   51         SH:  0    Dex: 18    Spells: 1/1 levels left

rFire   . . .        a - +0 shortbow
rCold   . . .        (shield currently unavailable)
rNeg    . . .        c - +0 robe
rPois   .            (helmet restricted)
rElec   .            (no cloak)
rCorr   .            (gloves unavailable)
SInv    +            (boots unavailable)
Will    .....        (no amulet)
Stlth   ++           d - +5 ring of evasion
HPRegen 0.22/turn    (no ring)
MPRegen 0.08/turn

%: no passive effects
@: very quick
A: very small, no large weapons, unfitting armour, see invisible, speed 3
a: no special abilities


You were on level 2 of the Dungeon.
You visited 1 branch of the dungeon, and saw 2 of its levels.

You collected 51 gold pieces.


Innate Abilities, Weirdness & Mutations

You are very small and have problems with some larger weapons.
You are too small for most types of armour.
You have supernaturally acute eyesight. (SInv)
You cover ground extremely quickly. (Speed+++)


   Skills:
 - Level 1.5 Fighting
 + Level 4.4 Ranged Weapons
 - Level 4.0 Dodging
 - Level 1.5 Stealth


You had one spell level left.
You didn't know any spells.
Your spell library was empty.

Inventory:

Hand Weapons
 a - a +0 shortbow (weapon)
Armour
 c - a +0 robe (worn)
Jewellery
 d - a +5 ring of evasion (left hand)
Potions
 e - a potion of might {unknown}
 h - a potion of mutation {unknown}

Dungeon Overview and Level Annotations

Branches:
Dungeon (2/15)

Altars:

Annotations:
D:2 Terence


Message History

Done exploring.
What level of the Dungeon? (default 1, ? - help)
You open the door.
There is an open door here.
You see here a +0 leather armour.
There is a stone staircase leading down here.
You climb downwards.
Found a scroll of teleportation and 12 gold pieces.
Found a stone staircase leading down and a stone staircase leading up.
There is a stone staircase leading up here.
Terence is nearby!
Waypoint 1 assigned to D:2.
You shoot an arrow.
The arrow hits Terence but does no damage.
You shoot an arrow. The arrow closely misses Terence.
You shoot an arrow.
The arrow hits Terence but does no damage.
You shoot an arrow. The arrow closely misses Terence.
You shoot an arrow. The arrow closely misses Terence.
Terence completely misses you.
You shoot an arrow. The arrow barely misses Terence.
Terence completely misses you.
You shoot an arrow.
The arrow hits Terence but does no damage.
Terence hits you with a +3 flail.
You shoot an arrow. The arrow completely misses Terence.
Terence completely misses you.
You shoot an arrow. The arrow hits Terence.
Terence is lightly wounded.
Terence completely misses you.
You shoot an arrow. The arrow barely misses Terence.
Terence hits you with a +3 flail!
Ouch! That really hurt!
Terence completely misses you.
You shoot an arrow. The arrow closely misses Terence.
Terence barely misses you.
You shoot an arrow. The arrow barely misses Terence.
Terence hits you with a +3 flail!
Ouch! That really hurt!
You die...
Terence says, "That felt goooood."

####..###
.....$...
........
#..?#.# ......
. #..<# #
.>..###@..#....
.......@....#
....###.#.### #
#.. .. ###. ...
.# ### #


You could see Terence.

Vanquished Creatures
  5 endoplasms (D:1)
  3 giant cockroaches (D:1)
  A goblin (D:1)
  A hobgoblin (D:1)
  4 kobolds (D:1)
  A quokka (D:1)
  A ball python (D:1)
  4 bats (D:1)
  2 frilled lizards (D:1)
  2 rats (D:1)
24 creatures vanquished.

Notes
Turn   | Place    | Note
-------+----------+-------------------------------------------
     0 | D:1      | qw the Spriggan Hunter began the quest for the Orb.
     0 | D:1      | Reached XP level 1. HP: 10/10 MP: 2/2
     0 | D:1      | 0 ||| qw: Version: 0.3-a-155-g5e7d8dd
     0 | D:1      | 0 ||| qw: Game counter: 2390
     0 | D:1      | 0 ||| qw: Melee chars always use a shield: true
     0 | D:1      | 0 ||| qw: God list: Okawaru
     0 | D:1      | 0 ||| qw: Allow faded altars: false
     0 | D:1      | 0 ||| qw: Do Orc after clearing Dungeon:15 true
     0 | D:1      | 0 ||| qw: Do second Lair branch before Depths: true
     0 | D:1      | 0 ||| qw: Lair rune preference: random
     0 | D:1      | 0 ||| qw: Goals: Normal
     0 | D:1      | 0 ||| PLANNING D:1-11
    51 | D:1      | Reached skill level 3 in Dodging
   133 | D:1      | Reached XP level 2. HP: 14/14 MP: 3/3
   387 | D:1      | Found a faded altar of an unknown god.
   599 | D:1      | 599 ||| UPGRADING to +5 ring of evasion.
   600 | D:1      | 600 ||| READING scroll labelled XAJOINN HAMPI.
   604 | D:1      | 604 ||| READING scroll labelled WEUZXUOSANN.
   705 | D:1      | 705 ||| DROPPING scroll of butterflies.
   721 | D:2      | Noticed Terence
   731 | D:2      | HP: 2/14 [Terence/+3 flail (8)]
   733 | D:2      | Mangled by Terence

Levels and vault maps discovered:
D:1:      wheals_arrival_shading, layout_basic, basic_ecumenical_altar
D:2:      layout_loops_ring, basic_altar, grunt_decor_junction, uniq_natasha,
          uniq_terence

Skill      XL: |  1  2 |
---------------+-------+-----
Dodging        | 3 4 |  4.0
Fighting       | |  1.5
Ranged Weapons | |  4.4
Stealth        | |  1.5

Action                     || total
---------------------------++-------
   Fire: Shortbow          ||    84
    Use: Scroll            ||     2
 Armour: Robe              ||    14
  Dodge: Dodged            ||    30

Table legend:
 A = Non-vault XP
 B = Vault XP
 C = Vault XP percentage of total XP
 D = Non-vault monster count
 E = Vault monster count
 F = Vault count percentage of total count
                 A         B        C        D         E       F
            +---------+---------+-------+---------+---------+-------
      Total |      38 |       0 |   0.0 |      24 |       0 |   0.0
            +---------+---------+-------+---------+---------+-------
        D:1 |      38 |       0 |   0.0 |      24 |       0 |   0.0
            +---------+---------+-------+---------+---------+-------
